 Dungeon Crawl Stone Soup version 0.18.1-50-g88ac8fd (webtiles) character file.

427 lorenzova the Conjurer (level 6, -5/32 HPs)
             Began as a Deep Elf Conjurer on Oct 24, 2016.
             Slain by a sky beast (6 damage)
             ... on level 5 of the Dungeon.
             The game lasted 00:12:19 (4142 turns).

lorenzova the Conjurer (Deep Elf Conjurer)          Turns: 4142, Time: 00:12:21

Health: -5/32      AC:  2    Str:  5    XL:     6   Next: 65%
Magic:  1/17       EV: 11    Int: 22    God:
Gold:   181        SH:  0    Dex: 15    Spells: 3 memorised, 11 levels left

rFire  . . .     SeeInvis .     B - +0 dagger (speed)
rCold  . . .     Gourm    .     a - +0 robe
rNeg   . . .     Faith    .     (no shield)
rPois  .         Spirit   .     (no helmet)
rElec  .         Dismiss  .     (no cloak)
rCorr  .         Reflect  .     (no gloves)
SustAt .         Harm     .     (no boots)
MR     .....                    d - amulet of regeneration
Stlth  +++.......               o - ring of stealth
                                f - -2 ring of evasion (curse)

@: very slightly contaminated, invisible, not resistant to hostile enchantments,
fairly stealthy
A: no striking features
a: no special abilities


You were on level 5 of the Dungeon.
You were not hungry.

You visited 1 branch of the dungeon, and saw 5 of its levels.

You collected 181 gold pieces.

Inventory:

Hand Weapons
 B - a +0 dagger of speed (weapon)
Armour
 a - a +0 robe (worn)
 p - a +0 buckler
Jewellery
 d - an amulet of regeneration (around neck)
 f - a cursed -2 ring of evasion (left hand)
 o - a ring of stealth (right hand)
 y - an uncursed amulet of harm
Wands
 n - a wand of random effects (16/48)
Scrolls
 h - a scroll of immolation {unknown}
 i - 2 scrolls of remove curse
 k - 2 scrolls of amnesia
 m - a scroll of enchant weapon {unknown}
 q - a scroll of identify
 A - a scroll of recharging {unknown}
Potions
 e - 4 potions of curing
 r - a potion of magic
 s - a potion of haste {unknown}
 u - a potion of might {unknown}
 v - 2 potions of flight {unknown}
 w - a potion of agility {unknown}
 x - a potion of brilliance {unknown}
Books
 b - a book of Conjurations

   Spells                             Type                      Level
   a - Magic Dart                     Conjuration                  1
   b - Searing Ray                    Conjuration                  2
   c - Dazzling Spray                 Conjuration/Hexes            3
   d - Fulminant Prism                Conjuration/Hexes            4
   e - Iskenderun's Mystic Blast      Conjuration                  4
   f - Iskenderun's Battlesphere      Conjuration/Charms           5
Comestibles
 c - 5 bread rations
 g - 5 meat rations
 j - 2 chunks of flesh
 t - 5 fruits
 z - 2 beef jerkies


   Skills:
 - Level 2.4 Dodging
 - Level 2.4 Stealth
 + Level 6.8 Spellcasting
 + Level 7.1 Conjurations


You had 11 spell levels left.
You knew the following spells:

 Your Spells              Type           Power        Failure   Level  Hunger
a - Magic Dart            Conj           ####         1%          1    None
b - Searing Ray           Conj           #####.       1%          2    None
c - Iskenderun's Mystic   Conj           #####...     6%          4    ###....


Dungeon Overview and Level Annotations

Branches:
Dungeon (5/15)
 Temple: D:4-7

Altars:
Ashenzari
Fedhas
Gozag
Makhleb
Nemelex Xobeh
Xom
Zin


Message History

Press: ? - help, Shift-Dir - straight line The magic dart hits something.
Something hits you.
* * * LOW HITPOINT WARNING * * *
Something shocks you.
* * * LOW HITPOINT WARNING * * *
Casting: Magic Dart
Confirm with . or Enter, or press ? or * to list all spells.
Aiming: Magic Dart
Press: ? - help, Shift-Dir - straight line The magic dart hits something.
Something hits you but does no damage.
A sky beast appears from thin air!
Reactivating autopickup.
Drink which item? (? for menu, Esc to quit)
You fade into invisibility!
The sky beast flickers out of sight!
Deactivating autopickup; reactivate with Ctrl-A.
Something hits you.
* * * LOW HITPOINT WARNING * * *
Something shocks you.
You die...

# # ########### # ..........#
# ........%.# #######
..........# #.....# #
..........# #.....# ##### ..
.....!....####.....###...##...
...{...........{@.............
..........############...#...
..........# #...# ..........#
#...# ..........# #...#
########### #...# #...#
####...# #.)....#


There were no monsters in sight!

Vanquished Creatures
  2 crimson imps
  2 hounds (D:4)
  An orc priest (D:5)
  Jessica (D:2)
  An iguana (D:4)
  2 orc wizards (D:4)
  6 adders
  2 oozes (D:2)
  2 worms
  2 dart slugs
  4 giant geckos
  8 orcs
  5 giant cockroaches
  10 goblins
  6 hobgoblins
  2 quokkas (D:2)
  8 bats
  2 giant newts
  15 kobolds
  7 rats
88 creatures vanquished.

Notes
Turn   | Place    | Note
--------------------------------------------------------------
     0 | D:1      | lorenzova the Deep Elf Conjurer began the quest for the Orb.
     0 | D:1      | Reached XP level 1. HP: 10/10 MP: 6/6
   250 | D:1      | Reached XP level 2. HP: 15/15 MP: 6/8
   953 | D:1      | Reached XP level 3. HP: 19/19 MP: 7/10
  1069 | D:1      | Reached skill level 5 in Conjurations
  1292 | D:2      | Found a sparkling altar of Nemelex Xobeh.
  1423 | D:2      | Noticed Jessica
  1427 | D:2      | Killed Jessica
  1427 | D:2      | Reached XP level 4. HP: 24/24 MP: 4/12
  1534 | D:2      | Learned a level 4 spell: Iskenderun's Mystic Blast
  1630 | D:2      | Found a shimmering altar of Xom.
  1673 | D:2      | Reached skill level 5 in Spellcasting
  1858 | D:2      | Learned a level 2 spell: Searing Ray
  2061 | D:2      | Reached XP level 5. HP: 28/28 MP: 11/14
  2362 | D:3      | Found a burning altar of Makhleb.
  2500 | D:3      | Reached skill level 6 in Conjurations
  2697 | D:3      | Found a shattered altar of Ashenzari.
  3355 | D:4      | Found a glowing silver altar of Zin.
  3375 | D:4      | Reached XP level 6. HP: 32/32 MP: 10/17
  3645 | D:4      | Found a blossoming altar of Fedhas.
  3656 | D:4      | Found an opulent altar of Gozag.
  3980 | D:5      | Entered Level 5 of the Dungeon
  4023 | D:5      | Reached skill level 7 in Conjurations
  4120 | D:5      | Noticed a sky beast
  4135 | D:5      | HP: 1/32 [something (6)]
  4142 | D:5      | HP: 1/32 [something (3)]
  4142 | D:5      | Slain by a sky beast

Skill      XL: |  1  2  3  4  5  6 |
---------------+-------------------+-----
Spellcasting   | 4 5 6 |  6.8
Conjurations   | 5 6 7 |  7.1
Dodging        | |  2.4
Stealth        | |  2.4

Action                   |  1- 3 |  4- 6 || total
-------------------------+-------+-------++-------
Melee: Dagger            |       |     1 ||     1
 Cast: Magic Dart        |    67 |   141 ||   208
       Iskenderun's Myst |       |     2 ||     2
       Searing Ray       |       |     2 ||     2
  Use: Scroll            |       |     6 ||     6
       Potion            |       |     1 ||     1
 Stab: Sleeping          |       |     1 ||     1
  Eat: Chunk             |     1 |     9 ||    10
Armor: Robe              |     2 |     3 ||     5
Dodge: Dodged            |     4 |    17 ||    21
